 Dungeon Crawl Stone Soup version 0.19.1-1-g22dce08 (webtiles) character file.

1183 M4edhros the Martial Artist (level 8, -8/42 HPs)
             Began as a Vine Stalker Monk on Jan 4, 2017.
             Mangled by Joseph
             ... wielding a cursed +0 quarterstaff
              (11 damage)
             ... on level 7 of the Dungeon.
             The game lasted 00:13:47 (2709 turns).

M4edhros the Martial Artist (Vine Stalker Monk)     Turns: 2709, Time: 00:13:48

Health: -8/42      AC:  4    Str: 19    XL:     8   Next: 42%
Magic:  0/9        EV: 13    Int: 10    God:
Gold:   407        SH:  0    Dex: 19    Spells: 0 memorised, 7 levels left

rFire  . . .     SeeInvis .       - Unarmed
rCold  . . .     Gourm    .     j - +0 leather armour
rNeg   . . .     Faith    .     (no shield)
rPois  .         Spirit   +     (no helmet)
rElec  .         Reflect  .     (no cloak)
rCorr  .         Harm     .     f - +0 pair of gloves
MR     .....                    (no boots)
Stlth  ++........               (no amulet)
                                (no ring)
                                (no ring)

@: mighty, vulnerable
A: fangs 3, regeneration 1, magic shield, antimagic bite, no device heal 3, rot
immunity
a: no special abilities


You were on level 7 of the Dungeon.
You were hungry.

You visited 2 branches of the dungeon, and saw 8 of its levels.

You collected 407 gold pieces.

Inventory:

Hand Weapons
 r - the +3 flail of the Unseen Realm {holy, rPois, unknown}
   (You found it on level 7 of the Dungeon)

   It has been blessed by the Shining One to cause great damage to the undead
   and demons.
   It protects you from poison.
Armour
 a - a +0 robe
 f - a +0 pair of gloves (worn)
 i - a +0 large shield
 j - a +0 leather armour (worn)
 k - a +0 plate armour
Scrolls
 h - 2 scrolls of remove curse
Potions
 e - 2 potions of might
 m - a potion of cure mutation
 p - a potion of flight {unknown}
Comestibles
 b - 2 bread rations
 c - 4 meat rations
 d - 2 royal jellies
 g - 2 fruits
 q - 3 chunks of flesh


   Skills:
 + Level 4.4 Fighting
 - Level 2.4 Dodging
 - Level 2.4 Stealth
 + Level 3.4 Shields
 * Level 8.6 Unarmed Combat


You had 7 spell levels left.
You didn't know any spells.

Dungeon Overview and Level Annotations

Branches:
Dungeon (7/15)             Temple (1/1) D:4

Altars:
Ashenzari
Dithmenos
Elyvilon
Fedhas
Hepliaklqana
Makhleb
Nemelex Xobeh
Ru
Sif Muna
Trog
Uskayaw
Vehumet
Xom
Yredelemnul
The Shining One

Annotations:
D:5 1 runed door
D:7 Joseph


Innate Abilities, Weirdness & Mutations

You have razor-sharp teeth.
Your natural rate of healing is unusually fast.
When hurt, damage is shared between your health and your magic reserves.
Your bite disrupts and absorbs the magic of your enemies.
Potions and wands cannot restore your health.
You are immune to rotting.


Message History

Joseph is lightly wounded.
The hound closely misses you. Joseph hits you with a quarterstaff.
You hit Joseph. You bite Joseph! You drain his power.
You feel invigorated.
Joseph is moderately wounded.
The hound completely misses you. Joseph closely misses you.
You closely miss Joseph. You bite Joseph. You drain his power.
Joseph is moderately wounded.
The hound misses you. The hound bites you.
You punch Joseph! You bite Joseph. You drain his power.
You feel invigorated.
Joseph is heavily wounded.
Joseph hits you with a quarterstaff!
* * * LOW HITPOINT WARNING * * *
The hound bites you.
* * * LOW HITPOINT WARNING * * *
You hit Joseph. Your bite misses Joseph.
Joseph is severely wounded.
The hound bites you.
* * * LOW HITPOINT WARNING * * *
Joseph hits you with a quarterstaff!
You die...

#.[....#
.....
#......#
.....
#......#
.....
#......#
#####
#......#
#......#
#......#
.#####.@....#
......h@....#
#########+###


You could see Joseph and a hound.

Vanquished Creatures
  2 orc warriors
  2 phantoms (D:4)
  2 ice beasts
  A wyvern zombie (D:7)
  A wight (D:6)
  The ghost of cuckmaster the Stinger, a weakling OpVM (D:3)
  A crimson imp (D:6)
  An orc wizard (D:6)
  A quasit (D:6)
  3 orc priests
  Natasha (D:3)
  5 worker ants
  A hound zombie (D:6)
  6 adders
  An ooze (D:2)
  An adder skeleton (D:6)
  A worm (D:2)
  3 dart slugs
  3 leopard geckos
  7 orcs
  A ball python (D:3)
  6 bats
  4 giant cockroaches
  9 goblins
  14 hobgoblins
  9 jackals
  2 quokkas
  7 frilled lizards
  5 kobolds
  8 rats
109 creatures vanquished.

Notes
Turn   | Place    | Note
-------+----------+-------------------------------------------
     0 | D:1      | M4edhros the Vine Stalker Monk began the quest for the Orb.
     0 | D:1      | Reached XP level 1. HP: 11/11 MP: 2/2
    77 | D:1      | Reached XP level 2. HP: 3/16 MP: 3/3
   241 | D:1      | Reached skill level 4 in Unarmed Combat
   281 | D:1      | Reached XP level 3. HP: 14/19 MP: 4/4
   781 | D:2      | Gained mutation: Your natural rate of healing is unusually fast. [Vine Stalker growth]
   781 | D:2      | Reached XP level 4. HP: 15/23 MP: 5/5
   819 | D:2      | Reached skill level 5 in Unarmed Combat
   953 | D:3      | Noticed cuckmaster's ghost (weakling OpVM)
   973 | D:3      | Killed cuckmaster's ghost
   979 | D:3      | Reached XP level 5. HP: 19/27 MP: 6/6
  1253 | D:3      | Noticed Natasha
  1263 | D:3      | Killed Natasha
  1263 | D:3      | Reached skill level 6 in Unarmed Combat
  1432 | D:4      | Found a staircase to the Ecumenical Temple.
  1451 | Temple   | Entered the Ecumenical Temple
  1547 | D:4      | Reached XP level 6. HP: 23/32 MP: 7/7
  1580 | D:4      | Found a hide-covered altar of Uskayaw.
  1638 | D:4      | Noticed a phantom
  1643 | D:4      | Noticed a phantom
  1669 | D:4      | Killed a phantom
  1669 | D:4      | Reached skill level 1 in Shields
  1689 | D:4      | Killed a phantom
  1689 | D:4      | Reached skill level 7 in Unarmed Combat
  1689 | D:4      | Reached XP level 7. HP: 28/36 MP: 4/8
  1697 | D:4      | Found a burning altar of Makhleb.
  1728 | D:5      | Entered Level 5 of the Dungeon
  1862 | D:5      | Found a white marble altar of Elyvilon.
  1903 | D:5      | Found a runed door.
  2368 | D:6      | Reached skill level 8 in Unarmed Combat
  2368 | D:6      | Gained mutation: You have razor-sharp teeth. [Vine Stalker growth]
  2368 | D:6      | Reached XP level 8. HP: 39/42 MP: 9/9
  2679 | D:7      | Got a twisted flail
  2700 | D:7      | Noticed Joseph
  2709 | D:7      | Mangled by Joseph

Skill      XL: |  1  2  3  4  5  6  7  8 |
---------------+-------------------------+-----
Unarmed Combat | 4 5 6 7 8 |  8.6
Fighting       | 3 4 |  4.4
Shields        | 1 2 3 |  3.4
Dodging        | |  2.4
Stealth        | |  2.4

Action                   |  1- 3 |  4- 6 |  7- 9 || total
-------------------------+-------+-------+-------++-------
Melee: Unarmed           |   104 |   169 |   170 ||   443
       Bite              |    24 |    44 |    51 ||   119
       Punch             |     3 |     4 |    11 ||    18
  Use: Potion            |     3 |     3 |     3 ||     9
       Scroll            |       |     4 |     6 ||    10
 Stab: Sleeping          |     3 |     7 |     1 ||    11
       Distracted        |       |     1 |       ||     1
  Eat: Chunk             |       |     2 |     4 ||     6
Armor: Robe              |    11 |       |       ||    11
       Leather armour    |     9 |    23 |    37 ||    69
       Skin              |       |    14 |    10 ||    24
Dodge: Dodged            |    88 |    98 |    97 ||   283
